TOP OF THE 1ST |
Frisco RoughRiders batting - Pitching for San Antonio Missions : RHP Ted Phuong
|
Pitching: RHP Ted Phuong
|
|
Batting: RHB Joel Zepeda
|
0-0: Ball 1-0: Ball 2-0: Fly out, F8 (Line Drive, 8LM, EV 96.3 MPH)
|
Batting: RHB David Soriano
|
0-0: Fly out, F9 (Flyball, 89M, EV 78.1 MPH)
|
Batting: RHB Walton Byron
|
0-0: Called Strike 0-1: Ball 1-1: Ground out 5-3 (Groundball, 56, EV 84.4 MPH)
|
Top of the 1st over - 0 runs, 0 hits, 0 errors, 0 left on base; Frisco 0 - San Antonio 0 |
BOTTOM OF THE 1ST |
San Antonio Missions batting - Pitching for Frisco RoughRiders : RHP Gael Goodwin
|
Pitching: RHP Gael Goodwin
|
|
Batting: RHB Erico Gala
|
0-0: Ball 1-0: Ball 2-0: Foul Ball, location: 7LMF 2-1: Ball 3-1: Called Strike 3-2: Foul Ball, location: 25F 3-2: Foul Ball, location: 2RF 3-2: Ground out 4-3 (Groundball, 4, EV 103.8 MPH)
|
Batting: RHB Felix Woods
|
0-0: Hit by Pitch
|
Batting: RHB Gonzalo Lozano
|
0-0: Foul Ball, location: 2F 0-1: SINGLE (Line Drive, 8RM, EV 105.0 MPH) Felix Woods to second
|
Batting: LHB Neal Wellman
|
0-0: Ball 1-0: Called Strike 1-1: Foul Ball, location: 7LDF 1-2: Ball 2-2: Ball 3-2: Foul Ball, location: 3DF 3-2: SINGLE (Groundball, 56, EV 86.9 MPH) Felix Woods to third Gonzalo Lozano to second Runner from 3rd tries for Home, SAFE, throw by LF to home
|
Batting: LHB Bálint Krizsán
|
0-0: Ball 1-0: Called Strike 1-1: Foul Ball, location: 25F 1-2: Ball 2-2: Foul Ball, location: 7LSF 2-2: DOUBLE (Line Drive, 9LS, EV 107.5 MPH) Gonzalo Lozano scores Neal Wellman to third Runner from 3rd tries for Home, SAFE, throw by RF to trailing runner, SAFE at third!
|
Batting: RHB Severino Garza
|
0-0: Fly out, F9 (Flyball, 89S, EV 92.5 MPH)
|
Batting: RHB Prince Huffman
|
0-0: Hit by Pitch
|
Batting: RHB Benigno Valenzuela
|
0-0: Called Strike Prince Huffman steals 2nd base 0-1: Foul Ball, location: 25FF 0-2: Foul Ball, location: 9LMF 0-2: Strikes out swinging
|
Bottom of the 1st over - 3 runs, 3 hits, 0 errors, 2 left on base; Frisco 0 - San Antonio 3 |
TOP OF THE 2ND |
Frisco RoughRiders batting - Pitching for San Antonio Missions : RHP Ted Phuong
|
Batting: LHB Ethan Valentine
|
0-0: Swinging Strike 0-1: Ball 1-1: Ball 2-1: DOUBLE (Line Drive, 9LM, EV 103.8 MPH)
|
Batting: SHB Thomas Curvey
|
0-0: Fly out, F9 (Flyball, 9, EV 106.3 MPH)
|
Batting: RHB Muño Díaz
|
0-0: Called Strike 0-1: Ball 1-1: Ball 2-1: Foul Ball, location: 2F 2-2: Ball 3-2: Strikes out swinging
|
Batting: RHB Leo Galvan
|
0-0: SINGLE (Line Drive, 9S, EV 105.0 MPH) Ethan Valentine to third Runner from 3rd tries for Home, SAFE, throw by RF to home
|
Batting: RHB Octavo Estrada
|
0-0: Ground out 5-3 (Groundball, 56S, EV 88.1 MPH)
|
Top of the 2nd over - 1 run, 2 hits, 0 errors, 1 left on base; Frisco 1 - San Antonio 3 |
BOTTOM OF THE 2ND |
San Antonio Missions batting - Pitching for Frisco RoughRiders : RHP Gael Goodwin
|
Batting: RHB Jack Daly
|
0-0: Ball 1-0: Foul Ball, location: 5FF 1-1: Swinging Strike 1-2: Ball 2-2: Foul Ball, location: 2F 2-2: Strikes out swinging
|
Batting: RHB Erico Gala
|
0-0: Foul Ball, location: 2LF 0-1: Ball 1-1: Ball 2-1: Ball 3-1: Base on Balls
|
Batting: RHB Felix Woods
|
0-0: Ball 1-0: Ball 2-0: Foul Ball, location: 7LDF 2-1: Called Strike 2-2: Strikes out swinging
|
Batting: RHB Gonzalo Lozano
|
0-0: Ball Erico Gala steals 2nd base 1-0: Foul Ball, location: 25F 1-1: Called Strike 1-2: 2-RUN HOME RUN (Flyball, 78XD, EV 99.4 MPH), Distance : 392 ft
|
Batting: LHB Neal Wellman
|
0-0: Ground out 4-3 (Groundball, 4, EV 101.9 MPH)
|
Bottom of the 2nd over - 2 runs, 1 hit, 0 errors, 0 left on base; Frisco 1 - San Antonio 5 |
TOP OF THE 3RD |
Frisco RoughRiders batting - Pitching for San Antonio Missions : RHP Ted Phuong
|
Batting: RHB Raul Gil
|
0-0: Ball 1-0: Ball 2-0: Called Strike 2-1: Swinging Strike 2-2: Strikes out swinging
|
Batting: RHB Joel Zepeda
|
0-0: Ball 1-0: Foul Ball, location: 2F 1-1: Ground out 1-3 (Groundball, P, EV 71.9 MPH)
|
Batting: RHB David Soriano
|
0-0: Ball 1-0: Ball 2-0: SINGLE (Line Drive, 8LS, EV 90.0 MPH)
|
Batting: RHB Walton Byron
|
0-0: Ball 1-0: Foul Ball, location: 2F 1-1: Ball 2-1: Ground out 4-3 (Groundball, 4, EV 76.3 MPH)
|
Top of the 3rd over - 0 runs, 1 hit, 0 errors, 1 left on base; Frisco 1 - San Antonio 5 |
BOTTOM OF THE 3RD |
San Antonio Missions batting - Pitching for Frisco RoughRiders : RHP Gael Goodwin
|
Batting: LHB Bálint Krizsán
|
0-0: Swinging Strike 0-1: Called Strike 0-2: Foul Ball, location: 2F 0-2: Ball 1-2: Strikes out looking
|
Batting: RHB Severino Garza
|
0-0: Ground out 5-3 (Groundball, 5, EV 90.0 MPH)
|
Batting: RHB Prince Huffman
|
0-0: Ball 1-0: Swinging Strike 1-1: Ball 2-1: SINGLE (Groundball, 6MD, EV 103.1 MPH)
|
Batting: RHB Benigno Valenzuela
|
0-0: Ball Prince Huffman steals 2nd base 1-0: Fly out, F8 (Flyball, 8RXD, EV 90.0 MPH)
|
Bottom of the 3rd over - 0 runs, 1 hit, 0 errors, 1 left on base; Frisco 1 - San Antonio 5 |
TOP OF THE 4TH |
Frisco RoughRiders batting - Pitching for San Antonio Missions : RHP Ted Phuong
|
Batting: LHB Ethan Valentine
|
0-0: Ball 1-0: DOUBLE (Groundball, 3L, EV 94.4 MPH)
|
Batting: SHB Thomas Curvey
|
0-0: Swinging Strike 0-1: Foul Ball, location: 23FF 0-2: Fly out, F5 (Popup, 5, EV 78.8 MPH)
|
Batting: RHB Muño Díaz
|
0-0: Ball 1-0: Foul Ball, location: 9LMF 1-1: Ground out 6-3 (Groundball, 6S, EV 85.6 MPH)
|
Batting: RHB Leo Galvan
|
0-0: Called Strike 0-1: Fly out, F9 (Flyball, 9, EV 90.0 MPH)
|
Top of the 4th over - 0 runs, 1 hit, 0 errors, 1 left on base; Frisco 1 - San Antonio 5 |
BOTTOM OF THE 4TH |
San Antonio Missions batting - Pitching for Frisco RoughRiders : RHP Gael Goodwin
|
Batting: RHB Jack Daly
|
0-0: Called Strike 0-1: Foul Ball, location: 2F 0-2: Strikes out looking
|
Batting: RHB Erico Gala
|
0-0: Ball 1-0: Foul Ball, location: 5DF 1-1: Ground out 4-3 (Groundball, 4, EV 86.3 MPH)
|
Batting: RHB Felix Woods
|
0-0: Ball 1-0: Ball 2-0: Called Strike 2-1: Called Strike 2-2: Strikes out swinging
|
Bottom of the 4th over - 0 runs, 0 hits, 0 errors, 0 left on base; Frisco 1 - San Antonio 5 |
TOP OF THE 5TH |
Frisco RoughRiders batting - Pitching for San Antonio Missions : RHP Ted Phuong
|
Batting: RHB Octavo Estrada
|
0-0: Called Strike 0-1: Ball 1-1: Fly out, F9 (Flyball, 9D, EV 110.0 MPH)
|
Batting: RHB Raul Gil
|
0-0: Swinging Strike 0-1: Called Strike 0-2: Foul Ball, location: 7LDF 0-2: Strikes out looking
|
Batting: RHB Joel Zepeda
|
0-0: Fly out, F8 (Flyball, 8RM, EV 85.0 MPH)
|
Top of the 5th over - 0 runs, 0 hits, 0 errors, 0 left on base; Frisco 1 - San Antonio 5 |
BOTTOM OF THE 5TH |
San Antonio Missions batting - Pitching for Frisco RoughRiders : RHP Gael Goodwin
|
Batting: RHB Gonzalo Lozano
|
0-0: Foul Ball, location: 25F 0-1: Ground out 6-3 (Groundball, 6, EV 95.6 MPH)
|
Batting: LHB Neal Wellman
|
0-0: Foul Ball, location: 2F 0-1: Called Strike 0-2: Strikes out swinging
|
Batting: LHB Bálint Krizsán
|
0-0: Called Strike 0-1: Foul Ball, location: 7LSF 0-2: Strikes out looking
|
Bottom of the 5th over - 0 runs, 0 hits, 0 errors, 0 left on base; Frisco 1 - San Antonio 5 |
TOP OF THE 6TH |
Frisco RoughRiders batting - Pitching for San Antonio Missions : RHP Ted Phuong
|
Batting: RHB David Soriano
|
0-0: Foul Ball, location: 23FF 0-1: Ball 1-1: Foul Ball, location: 23FF 1-2: Foul Ball, location: 2F 1-2: Foul Ball, location: 3F 1-2: Fly out, F5 (Popup, 56S, EV 81.3 MPH)
|
Batting: RHB Walton Byron
|
0-0: Fly out, F4 (Popup, 4M, EV 77.5 MPH)
|
Batting: LHB Ethan Valentine
|
0-0: Called Strike 0-1: Called Strike 0-2: Fly out, F8 (Line Drive, 8RS, EV 105.0 MPH)
|
Top of the 6th over - 0 runs, 0 hits, 0 errors, 0 left on base; Frisco 1 - San Antonio 5 |
BOTTOM OF THE 6TH |
San Antonio Missions batting - Pitching for Frisco RoughRiders : RHP Gael Goodwin
|
Batting: RHB Severino Garza
|
0-0: Ball 1-0: Foul Ball, location: 25FF 1-1: Ball 2-1: Ground out 5-3 (Groundball, 56S, EV 91.9 MPH)
|
Batting: RHB Prince Huffman
|
0-0: Ball 1-0: Fly out, F9 (Line Drive, 9, EV 93.8 MPH)
|
Batting: RHB Benigno Valenzuela
|
0-0: SINGLE (Groundball, 56D, EV 103.8 MPH)
|
Batting: RHB Jack Daly
|
0-0: Ball Benigno Valenzuela steals 2nd base 1-0: Ball 2-0: Foul Ball, location: 5FF 2-1: Ball 3-1: Foul Ball, location: 3FF 3-2: Ground out 2-3 (Groundball, 2R, EV 68.1 MPH)
|
Bottom of the 6th over - 0 runs, 1 hit, 0 errors, 1 left on base; Frisco 1 - San Antonio 5 |
TOP OF THE 7TH |
Frisco RoughRiders batting - Pitching for San Antonio Missions : RHP Ted Phuong
|
Now at 1B: Prince Huffman
|
|
Now at SS: Woody McColloch
|
|
Batting: SHB Thomas Curvey
|
0-0: Ground out 1-3 (Groundball, 34S, EV 71.9 MPH)
|
Batting: RHB Muño Díaz
|
0-0: Ball 1-0: Called Strike 1-1: Ball 2-1: Ball 3-1: Foul Ball, location: 5F 3-2: Foul Ball, location: 3SF 3-2: Strikes out looking
|
Batting: RHB Leo Galvan
|
0-0: Ball 1-0: Swinging Strike 1-1: Ground out 6-3 (Groundball, 6, EV 105.0 MPH)
|
Top of the 7th over - 0 runs, 0 hits, 0 errors, 0 left on base; Frisco 1 - San Antonio 5 |
BOTTOM OF THE 7TH |
San Antonio Missions batting - Pitching for Frisco RoughRiders : RHP Gael Goodwin
|
Batting: RHB Erico Gala
|
0-0: Called Strike 0-1: Ball 1-1: Foul Ball, location: 9LSF 1-2: Ball 2-2: Strikes out swinging
|
Batting: RHB Felix Woods
|
0-0: Ball 1-0: Ball 2-0: Ball 3-0: Base on Balls
|
Batting: RHB Woody McColloch
|
0-0: Called Strike Felix Woods steals 2nd base 0-1: Swinging Strike 0-2: Ball 1-2: Ball 2-2: Strikes out swinging
|
Batting: LHB Neal Wellman
|
0-0: Ball 1-0: Ball 2-0: Ball 3-0: Base on Balls
|
Batting: LHB Bálint Krizsán
|
0-0: Called Strike 0-1: SINGLE (Line Drive, 9LS, EV 103.1 MPH) Felix Woods to third Neal Wellman to second Runner from 3rd tries for Home, SAFE, throw by RF to home Neal Wellman to third Bálint Krizsán to second
|
Pitching: RHP Natalio Cortez
|
|
Batting: RHB Severino Garza
|
0-0: Ball 1-0: Foul Ball, location: 25F 1-1: SINGLE (Groundball, 4MD, EV 97.5 MPH) Neal Wellman scores Bálint Krizsán to third
|
Batting: RHB Prince Huffman
|
0-0: Fielders Choice at 2nd, 5-4 (Groundball, 56, EV 101.9 MPH)
|
Bottom of the 7th over - 2 runs, 2 hits, 0 errors, 2 left on base; Frisco 1 - San Antonio 7 |
TOP OF THE 8TH |
Frisco RoughRiders batting - Pitching for San Antonio Missions : RHP Ted Phuong
|
Batting: RHB Octavo Estrada
|
0-0: Called Strike 0-1: Fly out, F4 (Popup, 34D, EV 44.4 MPH)
|
Batting: RHB Raul Gil
|
0-0: Called Strike 0-1: Ball 1-1: Called Strike 1-2: Ground out 5-3 (Groundball, 56S, EV 87.5 MPH)
|
Batting: RHB Joel Zepeda
|
0-0: Ball 1-0: Ball 2-0: Called Strike 2-1: Ball 3-1: Base on Balls
|
Batting: RHB David Soriano
|
0-0: Called Strike 0-1: Called Strike 0-2: Ball 1-2: Ball 2-2: Ball 3-2: Foul Ball, location: 3DF 3-2: SINGLE (Groundball, 4, EV 83.8 MPH) Joel Zepeda to second Joel Zepeda to third
|
Pitching: LHP Trong Dai Bùi
|
|
Batting: RHB Walton Byron
|
0-0: Ball 1-0: Ball 2-0: Fly out, F8 (Flyball, 8LS, EV 85.6 MPH)
|
Top of the 8th over - 0 runs, 1 hit, 0 errors, 2 left on base; Frisco 1 - San Antonio 7 |
BOTTOM OF THE 8TH |
San Antonio Missions batting - Pitching for Frisco RoughRiders : RHP Natalio Cortez
|
Batting: RHB Benigno Valenzuela
|
0-0: Foul Ball, location: 5F 0-1: Foul Ball, location: 2F 0-2: Strikes out swinging
|
Batting: RHB Jack Daly
|
0-0: Swinging Strike 0-1: Foul Ball, location: 9LMF 0-2: Strikes out swinging
|
Batting: RHB Erico Gala
|
0-0: Ball 1-0: Called Strike 1-1: SINGLE (Line Drive, 34D, EV 100.6 MPH)
|
Batting: RHB Felix Woods
|
0-0: Called Strike Erico Gala steals 2nd base 0-1: Ball 1-1: Foul Ball, location: 2F 1-2: Foul Ball, location: 5FF 1-2: Fly out, F9 (Line Drive, 9, EV 106.3 MPH)
|
Bottom of the 8th over - 0 runs, 1 hit, 0 errors, 1 left on base; Frisco 1 - San Antonio 7 |
TOP OF THE 9TH |
Frisco RoughRiders batting - Pitching for San Antonio Missions : LHP Trong Dai Bùi
|
Batting: LHB Ethan Valentine
|
0-0: Called Strike 0-1: Ball 1-1: Called Strike 1-2: Ball 2-2: Foul Ball, location: 23F 2-2: Ball 3-2: Ground out 4-3 (Groundball, 4, EV 81.9 MPH)
|
Batting: SHB Thomas Curvey
|
0-0: Ball 1-0: Called Strike 1-1: SINGLE (Line Drive, 56D, EV 100.6 MPH)
|
Batting: RHB Muño Díaz
|
0-0: Ball 1-0: Called Strike 1-1: Fly out, F7 (Flyball, 7S, EV 86.3 MPH)
|
Batting: RHB Leo Galvan
|
0-0: Called Strike 0-1: Ball 1-1: SINGLE (Groundball, 34D, EV 97.5 MPH) Thomas Curvey to second
|
Batting: RHB Octavo Estrada
|
0-0: Swinging Strike 0-1: Swinging Strike 0-2: Ball 1-2: Foul Ball, location: 2F 1-2: Foul Ball, location: 2F 1-2: Ball 2-2: Strikes out swinging
|
Top of the 9th over - 0 runs, 2 hits, 0 errors, 2 left on base; Frisco 1 - San Antonio 7 |
|